 Dungeon Crawl Stone Soup version 0.24-a0-462-ge24419a6ad (webtiles) character file.

Game seed: 6195411266815175762

12275 Elric the Fighter (level 11, -5/106 HPs)
             Began as a Demonspawn Wanderer on July 1, 2019.
             Was a Priest of Ashenzari.
             Slain by an eight-headed hydra (7 damage)
             ... on level 11 of the Dungeon.
             The game lasted 00:30:50 (11750 turns).

Elric the Fighter (Demonspawn Wanderer)            Turns: 11750, Time: 00:30:51

Health: -5/106     AC:  9    Str: 16    XL:     11   Next: 60%
Magic:  16/16      EV: 11    Int: 18    God:    Ashenzari [***...]
Gold:   718        SH:  0    Dex: 11    Spells: 16/17 levels left

rFire    + . .     SeeInvis +   E - +8 mace "Rinunal" {pain, rElec} (curse)
rCold    + . .     Gourm    .   (no shield)
rNeg     . . .     Faith    .   J - +0 troll leather armour
rPois    +         Spirit   .   u - +0 helmet (curse)
rElec    +         Reflect  .   j - +0 cloak {rPois} (curse)
rCorr    .         Harm     .   G - +0 pair of gloves
MR       ++...                  (no boots)
Stlth    ++........             s - amulet of Vitality {Regen+ HP+15} (curse)
HPRegen  1.07/turn              r - ring of protection from fire (curse)
MPRegen  0.15/turn              y - ring of the Mage {Wiz MR++ Int+3} (curse)

@: no status effects
A: claws 2, cold resistance 1, demonic guardian 2, freezing cloud immunity
a: Curse Item, Scrying, Renounce Religion


You were on level 11 of the Dungeon.
You worshipped Ashenzari.
Ashenzari was most pleased with you.
You were not hungry.

You visited 1 branch of the dungeon, and saw 11 of its levels.
You visited 1 bazaar.

You collected 718 gold pieces.

Inventory:

Hand Weapons
 a - a +2 quarterstaff
 b - a +0 short sword
 e - a +0 dagger
 E - the cursed +8 mace "Rinunal" (weapon) {pain, rElec}
   (You found it on level 6 of the Dungeon)

   In the hands of one skilled in necromantic magic, it inflicts extra damage on
   living creatures.
   It insulates you from electricity.
   It has a curse placed upon it.
Missiles
 i - 29 poisoned darts (quivered)
Armour
 j - a cursed +0 cloak of poison resistance (worn)
 u - a cursed +0 helmet (worn)
 G - a +0 pair of gloves (worn)
 J - a +0 troll leather armour (worn)
Jewellery
 l - an uncursed amulet of the acrobat
 r - a cursed ring of protection from fire (left hand)
 s - the cursed amulet of Vitality (around neck) {Regen+ HP+15}
   (You found it on level 9 of the Dungeon)

   [amulet of regeneration]

   It affects your health (+15).
   It increases your rate of regeneration.
   It has a curse placed upon it.
 w - a +4 ring of dexterity
 y - the cursed ring of the Mage (right hand) {Wiz MR++ Int+3}
   (You found it on level 4 of the Dungeon)

   [ring of wizardry]

   It improves your spell success rate.
   It affects your intelligence (+3).
   It affects your resistance to hostile enchantments.
   It has a curse placed upon it.
Wands
 o - a wand of iceblast (14)
 t - a wand of digging (9)
 x - a wand of clouds (4)
 A - a wand of flame (47)
 H - a wand of random effects (16)
Scrolls
 d - 2 scrolls of amnesia {unknown}
 g - 14 scrolls of identify
 k - a scroll of immolation {unknown}
 m - 4 scrolls of enchant armour
 p - 8 scrolls of teleportation {unknown}
 z - 2 scrolls of magic mapping
 D - a scroll of vulnerability {unknown}
Potions
 c - 4 potions of curing
 h - 4 potions of agility
 n - 4 potions of lignification {unknown}
 q - 4 potions of haste
 v - 2 potions of ambrosia {unknown}
 B - a potion of mutation {unknown}
 C - a potion of experience {unknown}
 F - 2 potions of invisibility {unknown}
 I - a potion of magic {unknown}
Comestibles
 f - 13 rations


   Skills:
 + Level 10.3 Fighting
 - Level 1.7 Short Blades
 + Level 6.9(10.7) Maces & Flails
 - Level 6.8(8.2) Staves
 - Level 1.0 Throwing
 + Level 8.0 Armour
 + Level 4.5 Stealth
 + Level 3.8 Spellcasting
 + Level 4.8(7.6) Conjurations
 - Level 1.0(2.6) Evocations


You had 16 spell levels left.
You knew the following spells:

 Your Spells              Type           Power        Failure   Level  Hunger
a - Magic Dart            Conj           ####         1%          1    None

Your spell library contained the following spells:

 Spells                   Type           Power        Failure   Level  Hunger
 Searing Ray              Conj           ####..       1%          2    ##.....
 Iskenderun's Mystic Bla  Conj           ####....     3%          4    ####...
 Dazzling Spray           Conj/Hex       ###...       4%          3    ###....
 Confusing Touch          Hex            #.....       6%          1    None
 Fulminant Prism          Conj/Hex       ###.......   13%         4    ####...
 Force Lance              Conj/Tloc      ###.....     14%         4    ####...
 Confuse                  Hex            #.......     17%         3    ###....
 Gell's Gravitas          Tloc           #.........   17%         3    ###....
 Petrify                  Tmut/Erth      #.......     50%         4    ####...
 Metabolic Englaciation   Hex/Ice        #.........   82%         5    ######.
 Yara's Violent Unravell  Hex/Tmut       #.........   82%         5    ######.


Dungeon Overview and Level Annotations

Branches:
Dungeon (11/15)            Temple (0/1) D:4            Lair (0/6) D:11
    Orc (0/2) D:10

Altars:
Ashenzari
The Shining One

Shops:
D:5 %

Annotations:
D:11 1 runed translucent door


Innate Abilities, Weirdness & Mutations

You have very sharp fingernails.
Your flesh is cold resistant. (rC+)
A demonic guardian rushes to your aid.
You are immune to freezing clouds.


Message History

You kill the eight-headed hydra!
Your Armour skill increases to level 8!
The eight-headed hydra is engulfed in blazing flames.
The eight-headed hydra is engulfed in blazing flames.
The eight-headed hydra is engulfed in blazing flames.
You hit the eight-headed hydra.
The eight-headed hydra is severely wounded.
The eight-headed hydra is engulfed in blazing flames.
The eight-headed hydra bites you but does no damage.
The eight-headed hydra bites you! x2
* * * LOW HITPOINT WARNING * * *
The eight-headed hydra bites you.
* * * LOW HITPOINT WARNING * * *
The eight-headed hydra bites you!
* * * LOW HITPOINT WARNING * * *
The eight-headed hydra bites you.
* * * LOW HITPOINT WARNING * * *
The eight-headed hydra bites you but does no damage.
The eight-headed hydra bites you!
You die...

...###............#..............
.....###..........######.......##
...##.####.............#.......#.
.####.######....)......#########.
###..###..####..).....>........<.
#.##.###....####.................
.#.#.####.#.#.####...............
.###.###.#.#.#.#####.............
.....###.....(..@D####...........
.###.###.#.#.#.###§§####...).....
.#.#.####.#.#.######§#*###.......
#.##.###....####..#*#yz* ###.....
###..###..####...###*Z##***###...
.######.####...#.###*{9**,,**###.
...####.##...#.#.# **,o)***..####
.....###...#.#.#)#***,*|}{*....##
...##.####...#.#.# **,*##:∆..####


You could see an eight-headed hydra, a skeletal warrior and a meliai.

Vanquished Creatures
  A hydra (D:11)
  2 two-headed ogres
  A death knight (D:11)
  A centaur zombie (D:11)
  A kobold demonologist (D:11)
  2 trolls
  A hornet (D:11)
  A hippogriff (shapeshifter) (D:11)
  2 hippogriffs (D:11)
  A redback (D:11)
  2 wyverns (D:11)
  3 yaks
  A steam dragon (D:9)
  2 hungry ghosts (D:11)
  A water moccasin (D:6)
  Duvessa (D:5)
  2 orc warriors
  2 ice beasts
  4 sky beasts
  2 black bears
  2 necrophages
  6 ogres
  5 centaurs
  A crocodile (D:11)
  2 big kobolds
  3 bullfrogs
  3 scorpions
  10 killer bees
  5 howler monkeys
  2 crimson imps
  4 bullfrog skeletons
  6 hounds
  2 jellies
  3 orc priests
  4 centaur skeletons
  6 iguanas
  Natasha (thrice) (D:4)
  15 orc wizards
  7 worker ants
  A worker ant zombie (D:5)
  8 gnolls
  5 adders
  3 shadow imps
  An ooze (D:2)
  3 dart slugs
  5 worms
  4 leopard geckos
  48 orcs
  3 ball pythons
  3 bats
  14 giant cockroaches
  8 goblins
  7 hobgoblins
  10 jackals
  2 quokkas
  4 frilled lizards
  8 kobolds
  A leopard gecko skeleton (D:8)
  A quokka zombie (D:9)
  10 rats
271 creatures vanquished.

Vanquished Creatures (collateral kills)
  A two-headed ogre (D:8)
  Pikel (D:7)
  An ugly thing (D:11)
  2 trolls
  A queen bee (D:9)
  A hornet (D:11)
  A hippogriff (D:8)
  7 yaks
  3 orc warriors
  3 slaves (D:7)
  An ogre (D:5)
  A centaur (D:9)
  A wyvern zombie (D:10)
  Dowan (D:5)
  8 killer bees
  A wight (D:11)
  A hound (D:7)
  2 orc wizards
  2 orc priests (D:3)
  A bullfrog skeleton (D:7)
  An iguana (D:8)
  A worker ant (D:4)
  A hound skeleton (D:4)
  An adder (D:8)
  A shadow imp (D:9)
  An adder skeleton (D:4)
  A leopard gecko (D:5)
  5 orcs
  A jackal (D:10)
  3 kobolds (D:8)
56 creatures vanquished.

Vanquished Creatures (others)
  2 orc wizards
2 creatures vanquished.

Grand Total: 329 creatures vanquished

Notes
Turn   | Place    | Note
-------+----------+-------------------------------------------
     0 | D:1      | Elric the Demonspawn Wanderer began the quest for the Orb.
     0 | D:1      | Elric set off with the following items: a +2 quarterstaff,
                  | a +0 short sword, a potion of curing, a +0 robe, a +0
                  | dagger, a ration
     0 | D:1      | Reached XP level 1. HP: 18/18 MP: 1/1
   270 | D:1      | Found a shattered altar of Ashenzari.
   293 | D:1      | Became a worshipper of Ashenzari the Shackled
   600 | D:1      | Gained mutation: A weak demonic guardian rushes to your
                  | aid. [demonic ancestry]
   600 | D:1      | Reached XP level 2. HP: 24/24 MP: 2/2
  1209 | D:2      | Reached skill level 4 in Fighting
  1292 | D:2      | Reached XP level 3. HP: 29/30 MP: 3/3
  1975 | D:3      | Gained mutation: Your flesh is cold resistant. (rC+)
                  | [demonic ancestry]
  1975 | D:3      | Reached XP level 4. HP: 38/38 MP: 4/4
  2354 | D:3      | Gained mutation: You have sharp fingernails. [demonic
                  | ancestry]
  2354 | D:3      | Reached XP level 5. HP: 38/43 MP: 5/5
  2667 | D:3      | Found a glowing golden altar of the Shining One.
  3451 | D:4      | Reached XP level 6. HP: 29/50 MP: 6/6
  4019 | D:4      | Reached skill level 5 in Fighting
  4142 | D:4      | Reached skill level 5 in Staves
  4396 | D:4      | Found a staircase to the Ecumenical Temple.
  4513 | D:4      | Noticed Natasha
  4514 | D:4      | Gained mutation: You have very sharp fingernails. [demonic
                  | ancestry]
  4514 | D:4      | Reached XP level 7. HP: 45/56 MP: 7/7
  4522 | D:4      | Killed Natasha
  4595 | D:4      | Reached * piety under Ashenzari
  4600 | D:4      | Found the ring of the Mage {Wiz MR++ Int+3}
  4603 | D:4      | Noticed Natasha
  4621 | D:4      | Killed Natasha
  4738 | D:4      | Reached skill level 1 in Armour
  5047 | D:4      | Noticed Natasha
  5050 | D:4      | Killed Natasha
  5167 | D:5      | Entered Level 5 of the Dungeon
  5167 | D:5      | Noticed Duvessa
  5168 | D:5      | Noticed Dowan
  5192 | D:5      | Killed Duvessa
  5198 | D:5      | Killed Dowan
  5491 | D:5      | Learned a level 1 spell: Magic Dart
  5510 | D:5      | Found Odal's Food Boutique.
  5612 | D:5      | Reached skill level 6 in Fighting
  5726 | D:5      | Gained mutation: A demonic guardian rushes to your aid.
                  | [demonic ancestry]
  5726 | D:5      | Reached XP level 8. HP: 64/64 MP: 8/8
  6906 | D:6      | Got the mace "Rinunal" {pain, rElec}
  6907 | D:6      | Identified the +8 mace "Rinunal" {pain, rElec} (You found
                  | it on level 6 of the Dungeon)
  7153 | D:7      | Reached skill level 7 in Fighting
  7160 | D:7      | Reached skill level 1 in Maces & Flails
  7192 | D:7      | Reached ** piety under Ashenzari
  7309 | D:7      | Noticed Pikel
  7326 | D:7      | Killed Pikel
  7326 | D:7      | Reached XP level 9. HP: 71/71 MP: 9/9
  7451 | D:7      | Noticed a troll
  7469 | D:7      | Killed a troll
  7469 | D:7      | Reached skill level 5 in Armour
  7758 | D:8      | Reached skill level 8 in Fighting
  7843 | D:8      | Noticed a two-headed ogre
  7849 | D:8      | Killed a two-headed ogre
  8392 | D:8      | Noticed a two-headed ogre
  8402 | D:8      | Killed a two-headed ogre
  8402 | D:8      | Reached skill level 9 in Fighting
  8402 | D:8      | Reached skill level 5 in Maces & Flails
  8402 | D:8      | Reached XP level 10. HP: 71/81 MP: 10/10
  8575 | D:9      | Reached skill level 1 in Conjurations
  8598 | D:9      | Noticed a two-headed ogre
  8610 | D:9      | Killed a two-headed ogre
  9068 | D:9      | Reached skill level 1 in Spellcasting
  9316 | D:9      | Found the amulet of Vitality {Regen+ HP+15}
  9493 | D:10     | Entered Level 10 of the Dungeon
  9635 | D:10     | Reached *** piety under Ashenzari
  9800 | D:10     | Found a staircase to the Orcish Mines.
  9946 | D:10     | Gained mutation: You are immune to freezing clouds.
                  | [demonic ancestry]
  9946 | D:10     | Reached XP level 11. HP: 90/90 MP: 14/14
 10263 | D:11     | Noticed a cyan ugly thing
 10277 | D:11     | Killed a cyan ugly thing
 10312 | D:11     | Found a flickering gateway to a bazaar.
 10318 | Bazaar   | Entered a bazaar
 10326 | Bazaar   | Found Wemiaw's Jewellery Emporium.
 10341 | Bazaar   | Found Diefuami's Weapon Shoppe.
 10347 | Bazaar   | Found Suablus's Antique Armour Boutique.
 10353 | Bazaar   | Found Laasimat's Book Shoppe.
 10648 | D:11     | Reached skill level 10 in Fighting
 10841 | D:11     | Found a runed translucent door.
 10841 | D:11     | Noticed a death knight
 10842 | D:11     | Found a runed translucent door.
 10843 | D:11     | Found a runed translucent door.
 10874 | D:11     | Killed a death knight
 11009 | D:11     | Found a staircase to the Lair.
 11520 | D:11     | Found a runed translucent door.
 11737 | D:11     | Noticed an eight-headed hydra
 11737 | D:11     | Noticed an eight-headed hydra
 11737 | D:11     | Noticed a skeletal warrior
 11747 | D:11     | Killed an eight-headed hydra
 11750 | D:11     | HP: 2/106 [eight-headed hydra (6)]
 11750 | D:11     | Slain by an eight-headed hydra

Levels and vault maps discovered:
D:1:      lemuel_arrival_cross, layout_basic, ashenzari_altar_1
D:2:      layout_loops_ring
D:3:      minmay_roachtagon, layout_loops_ring, lemuel_coloured_pillars_altar,
          first_ration, uniq_crazy_yiuf_cottage
D:4:      layout_loops_ring, minmay_temple_entry_sparse_star, uniq_natasha
D:5:      layout_rooms, serial_shops, kennysheep_mini, uniq_duvessa
D:6:      layout_loops_cross
D:7:      layout_rooms, uniq_pikel
D:8:      layout_gridville
D:9:      layout_loops_ring, david_nohive_1
D:10:     layout_loops_ring, orc_0_dummy, nrook_uturn
D:11:     minmay_the_grid_triangle_9x9_recursive_3
          [minmay_the_grid_triangle_9x9_steps,
          minmay_the_grid_triangle_9x9_subtriangle,
          minmay_the_grid_triangle_9x9_zippers_vertical,
          minmay_the_grid_triangle_9x9_prize_schism,
          minmay_the_grid_triangle_9x9_warning,
          minmay_the_grid_triangle_9x9_intruding_spiral,
          minmay_the_grid_triangle_9x9_fully_insulated_deathbox,
          minmay_the_grid_triangle_9x9_dagger,
          minmay_the_grid_triangle_9x9_empty], layout_irregular_city,
          serial_shops, bzr_in_the_mist

Skill      XL: |  1  2  3  4  5  6  7  8  9 10 11 |
---------------+----------------------------------+-----
Fighting       | 4 5 6 7 9 10 | 10.3
Staves         | 2 3 4 5 6 |  6.8
Armour         | 2 4 6 7 8 |  8.0
Maces & Flails | 2 5 6 |  6.9
Conjurations   | 3 4 |  4.8
Stealth        | 3 4 |  4.5
Spellcasting   | 2 3 |  3.8
Short Blades   | |  1.7
Throwing       | |  1.0
Evocations     | |  1.0

Action                   |  1- 3 |  4- 6 |  7- 9 | 10-12 || total
-------------------------+-------+-------+-------+-------++-------
Melee: Quarterstaff      |    84 |   198 |   210 |       ||   492
       Mace              |       |       |   136 |   383 ||   519
Throw: Dart              |     8 |     7 |     1 |       ||    16
Invok: Curse Item        |       |     2 |     2 |     3 ||     7
Evoke: Wand              |       |       |     1 |     3 ||     4
  Use: Scroll            |       |     1 |       |     4 ||     5
       Potion            |       |       |       |     4 ||     4
 Stab: Distracted        |       |     1 |       |     3 ||     4
       Invisible         |       |       |     2 |       ||     2
       Confused          |       |       |       |     2 ||     2
  Eat: Chunk             |     3 |     1 |     6 |     3 ||    13
       Ration            |       |     2 |     2 |     4 ||     8
Armor: Scale mail        |    15 |    64 |   113 |       ||   192
       Troll leather arm |       |       |    30 |   167 ||   197
Dodge: Dodged            |    51 |    91 |   221 |   242 ||   605

Table legend:
 A = Non-vault XP
 B = Vault XP
 C = Vault XP percentage of total XP
 D = Non-vault monster count
 E = Vault monster count
 F = Vault count percentage of total count
                 A         B        C        D         E       F
            +---------+---------+-------+---------+---------+-------
      Total |   11855 |    5681 |  32.4 |     272 |      53 |  16.3
            +---------+---------+-------+---------+---------+-------
        D:1 |      22 |       0 |   0.0 |      11 |       0 |   0.0
        D:2 |      67 |       0 |   0.0 |      22 |       0 |   0.0
        D:3 |     225 |      20 |   8.2 |      31 |      10 |  24.4
        D:4 |     704 |      36 |   4.9 |      43 |       1 |   2.3
        D:5 |     319 |     167 |  34.4 |      12 |       2 |  14.3
        D:6 |     545 |       0 |   0.0 |      17 |       0 |   0.0
        D:7 |    1132 |     315 |  21.8 |      24 |       1 |   4.0
        D:8 |    2346 |       0 |   0.0 |      26 |       0 |   0.0
        D:9 |    2447 |     897 |  26.8 |      33 |      14 |  29.8
       D:10 |    1853 |       0 |   0.0 |      27 |       0 |   0.0
       D:11 |    2195 |    4246 |  65.9 |      26 |      25 |  49.0
            +---------+---------+-------+---------+---------+-------
